Map: Jagannatha LE

Players

Vanya

  • Race: Zerg Zerg

Reynor - Winner!

  • Race: Zerg Zerg

Event: DreamHack SC2 Masters 2021 Fall

VOD

Have the link to the VOD?

Description

Time

  • Played on: Aug. 10, 2021, 9:22 a.m.
  • Length: 7:17

All games in this series

Show
View Real Time Build Order
Export as new Build Order

Vanya Zerg 

Build Orders: Hatch First 

Get SALT Encoding   

  12  0:00  Drone  
  13  0:12  Overlord  
  13  0:17  Drone  
  14  0:30  Drone x2  
  16  0:47  Hatchery  
  15  0:50  Drone  
  15  0:54  Drone  
  17  0:57  Drone  
  18  1:07  Extractor  
  17  1:14  Spawning Pool  
  17  1:16  Drone  
  17  1:19  Drone  
  18  1:27  Drone  
  19  1:38  Drone  
  20  1:49  Drone  
  21  2:00  Queen x2  
  25  2:01  Zergling x2  
  25  2:02  Overlord  
  25  2:07  Metabolic Boost  
  26  2:10  Drone  
  26  2:11  Drone  
  28  2:21  Drone x2  
  30  2:33  Hatchery  
  30  2:36  Zergling x2  
  30  2:38  Drone  
  30  2:43  Drone  
  32  2:46  Baneling Nest  
  31  2:53  Overlord  
  31  2:54  Drone  
  32  2:59  Zergling x2  
  32  3:05  Zergling x2  
  34  3:06  Drone  
  34  3:08  Drone  
  34  3:11  Queen  
  34  3:12  Drone  
  39  3:15  Zergling x2  
  40  3:20  Overlord  
  40  3:24  Drone x2  
  42  3:27  Evolution Chamber  
  42  3:29  Baneling  
  42  3:30  Drone  
  42  3:31  Drone  
  42  3:32  Drone  
  44  3:40  Drone  
  45  3:42  Drone x4  
  49  3:49  Overlord  
  49  3:51  Zergling x2  
  49  3:56  Zergling x6  
  49  4:00  Zerg Ground Armor Level 1  
  52  4:06  Overlord  
  52  4:07  Drone x2  
  54  4:12  Baneling  
  54  4:13  Overlord  
  54  4:14  Drone  
  54  4:17  Drone x3  
  58  4:22  Overlord  
  58  4:23  Drone x2  
  60  4:28  Roach Warren  
  59  4:32  Drone x4  
  59  4:36  Extractor  
  59  4:37  Extractor  
  61  4:38  Overlord  
  61  4:39  Drone  
  61  4:40  Drone  
  63  4:53  Overlord  
  61  5:08  Roach x8  
  61  5:14  Zergling x10, Roach x2  
  86  5:22  Overlord  
  86  5:25  Zergling x6  
  89  5:30  Roach x4  
  93  5:38  Roach x3  
  90  5:43  Zergling x8  
  90  5:47  Zergling x2  
  95  5:51  Zergling x8  
  95  5:53  Baneling x5  
  98  5:57  Zergling x2  
  98  5:58  Baneling  
  98  6:01  Zergling x6  
  102  6:04  Baneling x2  
  102  6:06  Zergling x2  
  103  6:13  Zergling x6  
  97  6:21  Zergling x6  
  97  6:24  Zergling x4  
  94  6:27  Roach x3  
  91  6:34  Roach x4  
  91  6:38  Zergling x4  
  91  6:46  Zergling x4  
  81  6:54  Zergling x2  
  81  6:55  Zergling x6  
Show
View Real Time Build Order
Export as new Build Order

Reynor Zerg - Winner!

Build Orders: Hatch First 

Get SALT Encoding   

  12  0:00  Drone  
  13  0:12  Overlord  
  13  0:17  Drone  
  14  0:30  Drone x2  
  16  0:48  Hatchery  
  15  0:52  Drone  
  15  0:55  Drone  
  17  0:59  Drone  
  18  1:09  Extractor  
  17  1:14  Spawning Pool  
  17  1:17  Drone  
  17  1:20  Drone  
  18  1:28  Drone  
  19  1:38  Drone  
  20  1:49  Drone  
  21  1:59  Overlord  
  21  2:01  Queen x2  
  21  2:02  Zergling x2  
  26  2:11  Metabolic Boost, Drone x2  
  28  2:23  Drone x2  
  30  2:32  Zergling x2  
  30  2:34  Drone  
  32  2:39  Hatchery  
  31  2:45  Overlord  
  31  2:46  Drone  
  32  2:55  Drone x2  
  32  2:57  Baneling Nest  
  32  3:04  Drone  
  35  3:06  Drone  
  35  3:08  Drone  
  35  3:09  Overlord  
  35  3:12  Zergling x4  
  37  3:14  Zergling x2  
  37  3:16  Zergling x2  
  37  3:18  Drone  
  40  3:20  Drone  
  40  3:26  Evolution Chamber  
  40  3:27  Zergling x2  
  40  3:28  Zergling x2  
  42  3:42  Queen, Drone x4  
  42  3:46  Drone x2  
  42  3:48  Drone  
  51  3:52  Overlord  
  51  3:56  Baneling x2  
  51  3:58  Drone x2  
  51  4:02  Zerg Missile Weapons Level 1  
  53  4:06  Overlord  
  52  4:12  Drone x4  
  52  4:13  Zergling x2  
  57  4:18  Zergling x4  
  57  4:23  Drone x2  
  60  4:26  Overlord  
  60  4:28  Lair  
  60  4:31  Extractor  
  59  4:32  Extractor  
  59  4:34  Roach Warren  
  59  4:37  Drone x2  
  59  4:38  Drone  
  60  4:39  Baneling  
  60  4:41  Zergling x4  
  61  4:45  Overlord  
  61  4:47  Drone x3  
  64  4:57  Zergling x10  
  68  5:00  Overlord  
  68  5:02  Drone  
  68  5:03  Drone x3  
  68  5:05  Overlord  
  71  5:13  Baneling  
  70  5:18  Drone  
  70  5:19  Drone x4  
  70  5:20  Overlord  
  75  5:26  Zergling x6  
  78  5:29  Overlord  
  76  5:38  Roach x5  
  76  5:41  Roach  
  82  5:43  Spine Crawler  
  82  5:44  Spine Crawler, Roach  
  82  5:47  Roach  
  82  5:48  Roach x2  
  82  5:49  Spine Crawler  
  85  5:51  Baneling x4  
  85  5:52  Roach x2  
  88  5:57  Baneling x2  
  88  5:59  Zergling x2, Roach  
  88  6:00  Zergling x4  
  88  6:01  Roach  
  95  6:06  Roach  
  95  6:07  Roach Warren  
  95  6:14  Roach  
  95  6:15  Zergling x2, Roach x2  
  95  6:18  Zergling x2, Roach  
  101  6:20  Roach  
  101  6:21  Zergling x4  
  94  6:27  Roach x2  
  94  6:28  Roach  
  94  6:31  Zergling x6  
  100  6:37  Roach x2  
  100  6:39  Zergling x2  
  100  6:43  Extractor  
  100  6:45  Extractor  
  91  6:47  Zergling x2, Roach x3  
  91  6:51  Drone  
  95  6:54  Drone  
  95  6:55  Drone  
  95  6:58  Drone  
  95  7:04  Hatchery  

Tags
 
Add a new tag
Caveats
  • Supply blocks, unpowered buildings, or Contaminate may cause inaccurate times.
  • Supply counts are checked every 10 seconds.